 Seeded DCSS version 0.27-a0-1154-gfdeffcb720 (webtiles) character file.

Game seed: 7817243955689519300 (custom seed)

3061 donath the Fighter (level 9, -13/66 HPs)
             Began as an Octopode Transmuter on May 14, 2021.
             Was a Priest of Dithmenos.
             Blown up by a gnoll shaman (31 damage)
             ... with a mindburst bolt
             ... in a bailey.
             The game lasted 01:31:24 (12074 turns).

donath the Fighter (Octopode Transmuter)           Turns: 12074, Time: 01:31:25

Health: -13/66     AC:  1    Str:  9    XL:     9   Next: 88%
Magic:  15/15      EV: 15    Int: 19    God:    Dithmenos [***...]
Gold:   415        SH:  0    Dex: 12    Spells: 7/16 levels left

rFire    + . .     SeeInvis .   b - +0 hunting sling
rCold    + . .     Faith    .   (no shield)
rNeg     + . .     Spirit   .   (helmet restricted)
rPois    .         Reflect  .   (no amulet)
rElec    .         Harm     .   s - ring of protection from cold
rCorr    .         Rampage  .   x - ring of wizardry
Will     +....                  l - ring of protection from fire
Stlth    ++++++....             r - ring of willpower
HPRegen  0.21/turn              h - ring of positive energy
MPRegen  0.14/turn              (no ring)
                                (no ring)
                                (no ring)

@: wreathed by umbra
A: almost no armour, amphibious, 8 rings, camouflage 1, gelatinous body 1,
nimble swimmer 1, tentacles
a: Renounce Religion, Shadow Step


You were in a bailey.
You worshipped Dithmenos.
Dithmenos was most pleased with you.
You visited 1 branch of the dungeon, and saw 8 of its levels.
You also visited: Bailey.

You collected 415 gold pieces.

Inventory:

Hand Weapons
 a - a +2 vampiric short sword
 b - a +0 hunting sling (weapon)
 f - a +1 dagger of speed
 o - a +1 falchion of venom
 q - a +3 spectral quarterstaff
 I - a +0 glaive
Missiles
 e - 278 stones (quivered ammo)
 i - 8 throwing nets
 j - 101 arrows
 m - 29 poisoned darts
 A - 37 bolts
 E - 69 sling bullets
Armour
 F - a +0 cloak
Jewellery
 h - a ring of positive energy (on tentacle)
 l - a ring of protection from fire (on tentacle)
 r - a ring of willpower (on tentacle)
 s - a ring of protection from cold (left tentacle)
 x - a ring of wizardry (right tentacle)
Wands
 u - a wand of mindburst (10)
 y - a wand of digging (6)
 D - a wand of iceblast (18)
Scrolls
 c - a scroll of amnesia
 d - 7 scrolls of teleportation
 g - 3 scrolls of magic mapping {unknown}
 k - 2 scrolls of fear
 n - a scroll of enchant armour
 w - a scroll of immolation
 B - a scroll of blinking
Potions
 p - 3 potions of curing
 t - a potion of haste
 v - a potion of flight
 z - 2 potions of magic
 C - 2 potions of attraction {unknown}
 G - a potion of mutation {unknown}


   Skills:
 - Level 8.0 Fighting
 + Level 4.4 Short Blades
 - Level 0.6 Polearms
 * Level 2.0 Throwing
 - Level 6.0 Dodging
 - Level 4.0 Stealth
 - Level 4.0 Unarmed Combat
 - Level 4.0 Spellcasting
 - Level 2.0 Necromancy
 - Level 4.0 Transmutations
 - Level 2.0 Poison Magic
 + Level 1.7 Invocations


You had 7 spell levels left.
You knew the following spells:

 Your Spells              Type           Power      Damage    Failure   Level
a - Beastly Appendage     Tmut           38%        N/A       1%          1
b - Wereblood             Tmut           19%        N/A       1%          2
c - Spider Form           Tmut/Pois      7%         N/A       4%          3
d - Vampiric Draining     Necr           5%         2d6       8%          3

Your spell library contained the following spells:

 Spells                   Type           Power      Damage    Failure   Level
 Animate Skeleton         Necr           22%        N/A       2%          1
 Pain                     Necr           44%        1d6       2%          1
 Animate Dead             Necr           5%         N/A       24%         4
 Ice Form                 Ice/Tmut       11%        N/A       24%         4
 Hydra Form               Tmut           9%         N/A       28%         5
 Agony                    Necr           11%        N/A       52%         5
 Summon Forest            Summ/Tloc      1%         N/A       80%         5
 Summon Mana Viper        Hex/Summ       3%         N/A       80%         5
 Shadow Creatures         Summ           N/A        N/A       100%        6
 Summon Hydra             Summ           1%         N/A       100%        7


Dungeon Overview and Level Annotations

Branches:
Dungeon (8/15)             Temple (0/1) D:6          Bailey (1/1)
   Lair: D:8-11

Altars:
Dithmenos
Kikubaaqudgha
Qazlal
Ru
Vehumet

Annotations:
D:2 exclusion: centaur
D:4 Eustachio
D:7 exclusion: statue, Pikel, Prince Ribbit
D:8 4 runed translucent doors, Grum


Innate Abilities, Weirdness & Mutations

You cannot wear most types of armour.
You are amphibious.
You can wear up to eight rings at the same time.
Your skin changes colour to match your surroundings (Stealth+).
Your rubbery body absorbs attacks. (AC +1, EV +1)
You are camouflaged near water. (Stealth+)
You have tentacles for arms and can constrict up to eight enemies at once.


Message History

Press: ? - help, Q - select action, (/) - cycle Shift-Dir - straight line, f/p - gnoll
Aim: a gnoll, wielding a +0 halberd and wearing a +0 scale mail (fast, umbra, 69% to hit)
You shoot a stone.
The stone closely misses the gnoll shaman.
The stone hits the gnoll but does no damage.
The gnoll shaman mumbles some strange prayers to its god.
The gnoll shaman is healed somewhat.
Fire: 283 stones
Press: ? - help, Q - select action, (/) - cycle Shift-Dir - straight line, f/p - gnoll
Aim: a gnoll, wielding a +0 halberd and wearing a +0 scale mail (fast, umbra, 69% to hit)
You shoot a stone.
The stone completely misses the gnoll shaman.
The stone hits the gnoll but does no damage.
Fire: 282 stones
Press: ? - help, Q - select action, (/) - cycle Shift-Dir - straight line, f/p - gnoll
Aim: a gnoll, wielding a +0 halberd and wearing a +0 scale mail (fast, umbra, 69% to hit)
You shoot a stone. The stone hits the gnoll shaman.
The gnoll shaman is heavily wounded.
Fire: 281 stones
Press: ? - help, Q - select action, (/) - cycle Shift-Dir - straight line, f/p - gnoll
Aim: a gnoll, wielding a +0 halberd and wearing a +0 scale mail (fast, umbra, 69% to hit)
You shoot a stone.
The stone completely misses the gnoll shaman.
The stone hits the gnoll but does no damage.
Fire: 280 stones
Press: ? - help, Q - select action, (/) - cycle Shift-Dir - straight line, f/p - gnoll
Aim: a gnoll, wielding a +0 halberd and wearing a +0 scale mail (fast, umbra, 69% to hit)
You shoot a stone.
The stone hits the gnoll shaman but does no damage.
The gnoll shaman is heavily wounded.
The gnoll shaman zaps a wand.
Your mind is blasted!
* * * LOW HITPOINT WARNING * * *
Fire: 279 stones
Press: ? - help, Q - select action, (/) - cycle Shift-Dir - straight line, f/p - gnoll
Aim: a gnoll, wielding a +0 halberd and wearing a +0 scale mail (fast, umbra, 69% to hit)
You shoot a stone.
The stone barely misses the gnoll shaman.
The stone hits the gnoll but does no damage.
The gnoll shaman zaps a wand.
Your mind is blasted!
You die...

≈≈≈≈≈≈≈≈≈≈(≈≈≈(≈♣♣
..))...........≈≈♣
.....(.(....)...≈♣
.#####(((#####.g≈♣
## #((.# ##g≈♣
#....(...' ##≈♣
.....#...# #≈♣
8....##'## #≈♣
...g .. #@♣ ..g#
..g## #≈♣ .g.
....# #≈♣ .. 8$..#
#≈♣ ....# #≈♣
....# #≈♣ ...# #≈♣
##'## #≈♣ #...#
#≈♣


You could see a gnoll shaman and a gnoll (fast).

Vanquished Creatures
  A centaur zombie (D:7)
  Grinder (D:5)
  A sky beast (D:8)
  A wolf (D:7)
  3 centaurs
  2 ogres
  A lemure (D:6)
  A kobold brigand (D:8)
  3 bullfrogs
  4 gnoll sergeants (Bailey)
  3 scorpions
  A water moccasin zombie (D:5)
  A water moccasin skeleton (D:2)
  2 vampire bats (D:6)
  5 hounds
  2 bullfrog zombies
  3 gnoll shamans (Bailey)
  4 orc priests
  2 jellies
  A bullfrog skeleton (D:6)
  3 iguanas
  3 centaur skeletons
  2 orc wizards
  A killer bee zombie (D:8)
  A hound zombie (D:5)
  7 adders
  16 gnolls
  2 shadow imps
  A white imp (D:6)
  2 ufetubi
  2 adder skeletons
  2 worms
  3 dart slugs
  15 orcs
  5 bat zombies (D:6)
  7 endoplasms
  3 giant cockroaches
  8 goblins
  4 hobgoblins
  2 jackals
  3 kobolds
  4 quokkas
  7 ball pythons
  2 bats (D:3)
  2 frilled lizards (D:3)
  4 rats
153 creatures vanquished.

Notes
Turn   | Place    | Note
-------+----------+-------------------------------------------
     0 | D:1      | donath the Octopode Transmuter began the quest for the Orb.
     0 | D:1      | Reached XP level 1. HP: 13/13 MP: 3/3
    31 | D:1      | Found a faded altar of an unknown god.
    48 | D:1      | Became a worshipper of Dithmenos the Shadowed
    48 | D:1      | Reached * piety under Dithmenos
   288 | D:1      | Reached XP level 2. HP: 11/18 MP: 5/5
  1042 | D:2      | Reached skill level 2 in Fighting
  1042 | D:2      | Reached XP level 3. HP: 18/25 MP: 4/6
  1042 | D:2      | Reached XP level 4. HP: 21/30 MP: 4/7
  1474 | D:2      | Reached skill level 3 in Fighting
  2166 | D:3      | Learned a level 2 spell: Wereblood
  2182 | D:3      | Reached skill level 1 in Stealth
  2182 | D:3      | Reached XP level 5. HP: 11/36 MP: 5/8
  2650 | D:3      | Found a stormy altar of Qazlal.
  2737 | D:3      | Learned a level 3 spell: Spider Form
  2953 | D:3      | Reached ** piety under Dithmenos
  3381 | D:2      | Noticed a centaur
  4420 | D:4      | Noticed Eustachio
  4505 | D:4      | Reached skill level 4 in Fighting
  4741 | D:4      | Reached skill level 1 in Poison Magic
  4805 | D:4      | Reached skill level 1 in Short Blades
  4805 | D:4      | Reached XP level 6. HP: 33/43 MP: 9/9
  5310 | D:4      | Found a sacrificial altar of Ru.
  5573 | D:5      | Entered Level 5 of the Dungeon
  5575 | D:5      | Noticed Grinder
  5813 | D:5      | Reached XP level 7. HP: 26/48 MP: 10/10
  6280 | D:5      | Identified the +0 troll leather armour of Hycibi {+Blink
                  | rC- Regen+ SInv}
  7044 | D:5      | Killed Grinder
  7045 | D:5      | Reached skill level 5 in Fighting
  7045 | D:5      | Reached XP level 8. HP: 21/57 MP: 9/11
  7852 | D:6      | Reached skill level 6 in Fighting
  8295 | D:6      | Found a staircase to the Ecumenical Temple.
  8445 | D:6      | Reached *** piety under Dithmenos
  8461 | D:6      | Reached skill level 7 in Fighting
  8463 | D:6      | Reached skill level 1 in Invocations
  8468 | D:6      | Found an ancient bone altar of Kikubaaqudgha.
  8522 | D:7      | Noticed Pikel
  9008 | D:7      | Learned a level 3 spell: Vampiric Draining
  9049 | D:7      | Noticed Prince Ribbit
  9398 | D:7      | Found a radiant altar of Vehumet.
  9523 | D:7      | Reached skill level 5 in Dodging
  9523 | D:7      | Reached skill level 1 in Necromancy
  9523 | D:7      | Reached XP level 9. HP: 13/64 MP: 11/13
  9927 | D:8      | Found a flagged portal.
  9927 | D:8      | Noticed Grum
 10296 | D:8      | Found a large runed translucent door.
 10296 | D:8      | Found a large runed translucent door.
 10304 | D:8      | Noticed a boulder beetle
 10328 | D:8      | Noticed a gargoyle
 10387 | D:8      | Found a large runed translucent door.
 10388 | D:8      | Found a large runed translucent door.
 10653 | Bailey   | Entered a bailey
 11239 | Bailey   | Reached skill level 8 in Fighting
 11269 | Bailey   | HP: 2/66 [gnoll shaman/+0 halberd (12)]
 11755 | Bailey   | Reached skill level 1 in Throwing
 12074 | Bailey   | Blown up by a gnoll shaman

Illustrated notes

Levels and vault maps discovered:
D:1:      kennysheep_arrival_seaside, layout_loops_cross,
          chequers_ecumenical_altar_simple, minmay_splitting_lines,
          chequers_big_river
D:2:      minmay_wonky_spiral, layout_basic, grunt_ministairs_9
D:3:      layout_basic, nicolae_overflow_crystal_walls
D:4:      layout_layer_cave, lemuel_doored_altar, uniq_eustachio
D:5:      layout_loops_corners, grunt_decor_junction, uniq_grinder
D:6:      layout_cave_pools, kennysheep_vampire_church,
          minmay_temple_entry_arrows
D:7:      layout_loops_cross, vehumet_statue, uniq_pikel, uniq_prince_ribbit1
D:8:      layout_cave_pools, enter_bailey_5, minmay_misc_feat_nine_boxes,
          minmay_hollow_rounded_squares, uniq_grum
Bailey:   bailey_polearm_gnolls_kennysheep, bailey

Skill      XL: |  1  2  3  4  5  6  7  8  9 |
---------------+----------------------------+-----
Fighting       | 2 3 4 5 7 8 |  8.0
Unarmed Combat | 4 |  4.0
Stealth        | 1 3 4 |  4.0
Poison Magic   | 1 2 |  2.0
Short Blades   | 1 3 4 |  4.4
Transmutations | 4 |  4.0
Dodging        | 5 6 |  6.0
Invocations    | 1 |  1.7
Necromancy     | 1 2 |  2.0
Spellcasting   | 4 |  4.0
Throwing       | 2 |  2.0
Polearms       | |  0.6

Action                   |  1- 3 |  4- 6 |  7- 9 || total
-------------------------+-------+-------+-------++-------
Melee: Unarmed           |    14 |       |       ||    14
       Tentacles         |     4 |    21 |    69 ||    94
       Constrict         |     6 |    38 |    62 ||   106
       Spear             |    15 |   103 |       ||   118
       Kick              |     5 |    30 |    80 ||   115
       Punch             |     1 |     5 |     8 ||    14
       Short sword       |       |    49 |   357 ||   406
       Long sword        |       |     8 |       ||     8
 Fire: Hunting sling     |       |       |   178 ||   178
Throw: Stone             |       |    14 |    14 ||    28
       Dart              |       |       |    39 ||    39
 Cast: Beastly Appendage |     8 |    29 |    40 ||    77
       Wereblood         |       |     6 |     7 ||    13
       Vampiric Draining |       |       |     5 ||     5
 Abil: End Transformatio |       |     1 |       ||     1
  Use: Potion            |       |       |     7 ||     7
       Scroll            |       |       |    13 ||    13
 Stab: Sleeping          |     3 |    10 |     6 ||    19
       Distracted        |       |     1 |       ||     1
Armor: Skin              |       |     6 |    29 ||    35
Dodge: Dodged            |    11 |   105 |   346 ||   462
       Rpst.: Long sword |       |     1 |       ||     1

Table legend: (Time is in decaauts)
 A = Elapsed time spent in this place.
 B = Non-inter-level travel time spent in this place.
 C = Inter-level travel time spent in this place.
 D = Time resting spent in this place.
 E = Time spent auto-exploring this place.
 F = Levels seen in this place.
 G = Mean time per level.
                   A        B        C        D        E       F      G
               +--------+--------+--------+--------+--------+-----+--------+
         Total |  12063 |  11987 |     76 |   3733 |   1155 |   9 | 1340.3 |
       Dungeon |  10642 |  10566 |     76 |   3052 |   1155 |   8 | 1330.2 |
        Bailey |   1420 |   1420 |      0 |    681 |      0 |   1 | 1420.0 |
               +--------+--------+--------+--------+--------+-----+--------+

Top non-repeatable levels by time:
     D:5: 2000 daAuts
     D:3: 1755 daAuts
     D:2: 1701 daAuts
  Bailey: 1420 daAuts
     D:4: 1300 daAuts
     D:6: 1297 daAuts
     D:7: 1156 daAuts
     D:1: 1009 daAuts
     D:8: 421 daAuts
